 Dungeon Crawl Stone Soup version 0.32-a0-599-gba8f9cf90e (webtiles) character file.

Game seed: 15790967450286615094

48 CougarLife the Magician (level 4, 27/33 HPs)
             Began as a Djinni Conjurer on Mar 3, 2024.
             Quit the game on level 2 of the Dungeon.
             The game lasted 00:02:49 (971 turns).

CougarLife the Magician (Djinni Conjurer)            Turns: 971, Time: 00:02:50

Health: 27/33      AC: 10    Str:  6    XL:     4   Next: 0%
Gold:   51         EV: 12    Int: 22    God:
                   SH:  0    Dex: 11

rFire   + + .        l - +4 dagger
rCold   x . .        (no shield)
rNeg    . . .        a - +0 robe
rPois   ∞            (no helmet)
rElec   .            (no cloak)
rCorr   .            (no gloves)
SInv    .            (boots unavailable)
Will    .....        (no amulet)
Stlth   ++           b - +4 ring of protection
HPRegen 0.25/turn    g - +4 ring of protection
MPRegen 0.00/turn

%: no passive effects
@: flying
A: sickness immunity, fire resistance 2, cold vulnerability 1, float, innate
caster, HP casting, extra vitality 1
a: no special abilities


You were on level 2 of the Dungeon.
You visited 1 branch of the dungeon, and saw 2 of its levels.

You collected 51 gold pieces.

Inventory:

Hand Weapons
 l - a +4 dagger (weapon)
Armour
 a - a +0 robe (worn)
Jewellery
 b - a +4 ring of protection (left hand)
 g - a +4 ring of protection (right hand)
 j - a +6 ring of intelligence
Scrolls
 c - a scroll of torment {unknown}
 d - a scroll of identify {unknown}
 i - a scroll of amnesia {unknown}
 k - a scroll of summoning {unknown}
Potions
 e - a potion of curing {unknown}
 h - a potion of heal wounds {unknown}


   Skills:
 + Level 2.0 Fighting
 - Level 2.2 Dodging
 - Level 1.6 Stealth
 + Level 4.0 Spellcasting
 + Level 4.0 Conjurations
 + Level 4.0 Hexes
 + Level 4.0 Summonings
 + Level 4.0 Necromancy
 + Level 4.0 Translocations
 + Level 4.0 Fire Magic
 + Level 4.0 Ice Magic
 + Level 4.0 Air Magic
 + Level 4.0 Earth Magic
 + Level 4.0 Alchemy


You knew the following spells:

 Your Spells              Type           Power      Damage    Failure   Level
a - Magic Dart            Conj           88%        1d7       2%          1
b - Searing Ray           Conj           44%        2d6       3%          2
c - Fulminant Prism       Conj/Alch      11%        3d9       22%         4
d - Iskenderun's Mystic   Conj/Tloc      22%        2d6       22%         4
e - Sting                 Conj/Alch      88%        1d8       2%          1
Your spell library was empty.

Dungeon Overview and Level Annotations

Branches:
Dungeon (2/15)

Altars:


Innate Abilities, Weirdness & Mutations

You are immune to sickness and miasma.
You are immune to poison.
Your flesh is very heat resistant. (rF++)
You are vulnerable to cold. (rC-)
You float through the air rather than walking.
You learn spells naturally, not from books.
Your magical power is your life essence.
You have superior vitality. (+4 MHP)


Message History

The ball python grabs you. The ball python constricts you.
The magic dart hits the ball python.
You kill the ball python!
You can't see any susceptible monsters within range! (Use Z to cast anyway.)
You see here a book of Displacement.
A kobold comes into view. It is wielding a +0 club.
A kobold is nearby!
Found a stone staircase leading down.
The magic dart hits the kobold but does no damage.
You hear a shout!
A kobold comes into view.
It is wielding a +0 dagger of electrocution.
You miscast Magic Dart.
You are very lightly contaminated with residual magic.
Nothing appears to happen.
The magic dart hits the kobold.
The kobold is severely wounded.
A quokka comes into view.
The kobold throws a stone.
The stone completely misses you.
The magic dart hits the kobold.
You kill the kobold!
The magic dart hits the kobold.
The kobold is heavily wounded.
The magic dart hits the kobold.
The kobold is severely wounded.
The kobold hits you but does no damage.
The magic dart hits the kobold.
You kill the kobold!
The magic dart hits the quokka.
The quokka is severely wounded.
The quokka bites you but does no damage.
Your magical contamination has completely faded away.
The magic dart hits the quokka.
You kill the quokka!
You have reached level 4!
You feel clever.
Things that are here:
a +0 dagger of electrocution; a quokka corpse; a kobold corpse You now have 51 gold pieces (gained 13).
Unknown command.
Are you sure you want to abandon this character and quit the game? (Confirm with "yes".)

#............. ....
#............##..##
#....<.......#ß..ß#.
#...............>...
#............)......
#.........#.)# .ß#
#.........#..##..##
#.:................
##########.@.......
#.........
#.........
#.........
##........ ##......#
#######


There were no monsters in sight!

Vanquished Creatures
  A dart slug (D:1)
  5 ball pythons
  2 bats (D:1)
  2 endoplasms (D:1)
  3 giant cockroaches (D:1)
  6 goblins (D:1)
  3 hobgoblins (D:1)
  7 jackals (D:1)
  3 quokkas
  5 kobolds
  2 rats (D:1)
39 creatures vanquished.

Notes
Turn   | Place    | Note
-------+----------+-------------------------------------------
     0 | D:1      | CougarLife the Djinni Conjurer began the quest for the Orb.
     0 | D:1      | CougarLife set off with the following spells memorised:
                  | Magic Dart, Searing Ray, Fulminant Prism, Iskenderun's
                  | Mystic Blast.
     0 | D:1      | Reached XP level 1. HP: 15/15 MP: 0/0
   102 | D:1      | Reached XP level 2. HP: 16/22 MP: 0/0
   207 | D:1      | Reached skill level 1 in Fighting
   238 | D:1      | Reached XP level 3. HP: 14/27 MP: 0/0
   238 | D:1      | Learned a level 1 spell: Sting
   965 | D:2      | Reached XP level 4. HP: 25/33 MP: 0/0
   971 | D:2      | Quit the game

Illustrated notes

Levels and vault maps discovered:
D:1:      dpeg_arrival_signposts, layout_basic
D:2:      layout_rooms, st_stairs_6, minivault_26

Skill      XL: |  1  2  3 |
---------------+----------+-----
Fighting       | 1 2 |  2.0
Spellcasting   | 4 |  4.0
Conjurations   | 4 |  4.0
Hexes          | 4 |  4.0
Summonings     | 4 |  4.0
Necromancy     | 4 |  4.0
Translocations | 4 |  4.0
Fire Magic     | 4 |  4.0
Ice Magic      | 4 |  4.0
Air Magic      | 4 |  4.0
Earth Magic    | 4 |  4.0
Alchemy        | 4 |  4.0
Dodging        | |  2.2
Stealth        | |  1.6

Action                     |  1- 3 |  4- 6 || total
---------------------------+-------+-------++-------
  Melee: Dagger            |    30 |       ||    30
   Cast: Magic Dart        |    75 |       ||    75
 Armour: Robe              |    29 |       ||    29
  Dodge: Dodged            |    36 |       ||    36

Table legend: (Time is in decaauts)
 A = Elapsed time spent in this place.
 B = Non-inter-level travel time spent in this place.
 C = Inter-level travel time spent in this place.
 D = Time resting spent in this place.
 E = Time spent auto-exploring this place.
 F = Levels seen in this place.
 G = Mean time per level.
                   A        B        C        D        E       F      G
               +--------+--------+--------+--------+--------+-----+--------+
         Total |    968 |    912 |     56 |    185 |    526 |   2 |  484.0 |
       Dungeon |    968 |    912 |     56 |    185 |    526 |   2 |  484.0 |
               +--------+--------+--------+--------+--------+-----+--------+

Top non-repeatable levels by time:
     D:1: 936 daAuts
     D:2: 32 daAuts
